cohdb
Replays
Latest Replays
All Replays
Popular Replays
Top Player Replays
Match Explorer
How It Works
Community
CoH3 Stats
Reddit
Sign in to upload your games and track your stats! →
Sign in with Steam
Match 42788223
Unlisted
Match 42788223
Overview
Messages
Build Orders
End
Construct Barracks
Selects Special Operations Battlegroup
Selects M29 Weasel Recon Vehicle
M29 Weasel Recon Vehicle
Riflemen Squad
Riflemen Squad
Grenade Package
Riflemen Squad
Engineer Squad
Infantry Support Center
Construct Motor Pool
M8 Greyhound Armored Car
Selects Raiding Flares
Selects SSF Commando Squad
SSF Commando Squad
Construct Medical Station
SSF Commando Squad
Selects P-47 Anti-Infantry Loiter
P-47 Anti-Infantry Loiter
spongebob
desertBeliever
0
0
Comments
sign in to comment!
No comments posted yet!